Canadiens vs Sabres

Created - 1 avril 2016 at 19:06

Goals
1 2 3 T
Canadiens 2 2 0 4
Sabres 1 0 0 1
Shots
1 2 3 T
Canadiens 15 10 7 32
Sabres 10 10 12 32

1st period

1. Canadiens , Ladislav Smid 2 (Rene Bourque, Marc Savard) at 1:22 (PP)
2. Sabres , George Parros 15 (Joni Pitkanen) at 3:18 (SH)
3. Canadiens , Drew Miller 21 (Rene Bourque, Marc Savard) at 17:49 (PP)

Penalties :
Michael Rupp (Buf) for High sticking (Minor) at 1:04, Ryan Hollweg (Buf) for Roughing (Minor) at 2:30, Joni Pitkanen (Buf) for Holding (Minor) at 6:29, Marc Savard (Mon) for Interference (Minor) at 13:37, Mike Leclerc (Buf) for Tripping (Minor) at 17:39

2nd period

4. Canadiens , Marek Svatos 37 (Patrick Sharp) at 11:21
5. Canadiens , Patrick Sharp 47 (Dennis Wideman, Ladislav Smid) at 15:42

Penalties :
Mike Leclerc (Buf) for Holding (Minor) at 4:46, Dennis Wideman (Mon) for Interference (Minor) at 8:28, Antoine Roussel (Buf) for Holding (Minor) at 9:11

3rd period

No Goal

Penalties :
George Parros (Buf) for Hooking (Minor) at 4:02, Nathan Paetsch (Buf) for Goalie Interference (Minor) at 13:36, Greg Stewart (Mon) for Tripping (Minor) at 15:48

Goalie Stats

Jonathan Bernier (Mon), 31 saves from 32 shots - (0,969), W, 26-18-2, 60:00 minutes
Michal Neuvirth (Buf), 28 saves from 32 shots - (0,875), L, 31-24-3, 60:00 minutes

Players Stats for Canadiens

Player Name              G  A  P  +/- PIM S  H  SB GA TA FO     MP     PP MP  PK MP  
------------------------------------------------------------------------------------
Brian Pothier            0  0  0   0  0   0  0  1  0  0  0/0     2:15   0:00   0:00 
Brooks Laich             0  0  0   2  0   1  1  0  0  0  5/10   19:30   5:12   0:53 
Dan Boyle                0  0  0   0  0   3  2  1  0  0  0/0    28:26   5:54   2:49 
Denis Grebeshkov         0  0  0   0  0   0  0  3  1  1  0/0    26:11   5:54   2:49 
Dennis Wideman           0  1  1   1  2   0  0  1  1  0  0/0    21:32   5:03   1:49 
Devin Setoguchi          0  0  0   0  0   1  0  0  0  0  1/2    12:23   0:00   1:22 
Drew Miller              1  0  1  -1  0   4  4  0  1  1  1/2    23:43   5:54   2:28 
Dustin Boyd              0  0  0   0  0   2  1  0  0  0  2/2     4:45   0:00   0:14 
Greg Stewart             0  0  0   0  2   1  0  0  0  0  0/0    11:45   0:00   0:45 
Jiri Fischer             0  0  0   0  0   0  0  0  0  0  0/0     9:58   0:09   0:00 
Ladislav Smid            1  1  2   1  0   2  1  2  1  1  0/0    22:28   5:12   1:52 
Marc Savard              0  2  2  -1  2   5  3  0  0  0  21/38  26:48   5:54   1:23 
Marek Svatos             1  0  1   2  0   2  3  0  1  0  3/3    18:28   5:12   0:00 
Matt Carle               0  0  0   0  0   0  0  0  0  1  0/0     9:09   0:00   0:03 
Maxim Talbot             0  0  0   0  0   1  1  2  0  0  3/6    10:34   0:00   0:00 
Patrick Sharp            1  1  2   2  0   5  3  0  1  0  1/1    19:49   5:12   1:17 
Rene Bourque             0  2  2  -1  0   5  2  0  0  0  0/1    21:10   5:54   0:49 
Riley Cote               0  0  0   0  0   0  0  0  0  0  0/0     5:06   0:00   0:11 

Players Stats for Sabres

Player Name              G  A  P  +/- PIM S  H  SB GA TA FO     MP     PP MP  PK MP  
------------------------------------------------------------------------------------
Antoine Roussel          0  0  0  -1  2   2  3  1  1  1  0/0    16:12   1:38   0:00 
Boyd Devereaux           0  0  0  -1  0   1  1  0  0  0  4/9    11:59   0:00   0:45 
Daniel Cleary            0  0  0   0  0   1  0  0  0  0  0/0     4:47   0:34   0:00 
Derick Brassard          0  0  0   0  0   1  2  0  1  0  9/25   23:08   2:28   6:12 
George Parros            1  0  1  -1  2   4  0  0  0  1  1/1    14:57   0:34   3:03 
Jay McKee                0  0  0   0  0   1  0  0  0  0  0/0    19:48   1:30   3:58 
Johnny Boychuk           0  0  0   0  0   1  1  2  0  0  0/0    19:40   1:30   3:50 
Joni Pitkanen            0  1  1   0  2   6  2  3  0  2  0/0    28:35   3:11   5:58 
Michael Rupp             0  0  0  -1  2   3  1  0  0  0  0/0    13:00   0:35   1:18 
Mike Fisher              0  0  0   0  0   1  2  1  1  0  1/8    16:02   1:39   0:00 
Mike Leclerc             0  0  0   0  4   0  1  0  0  0  0/0     5:20   0:00   1:06 
Nathan Paetsch           0  0  0  -1  2   0  1  0  0  0  0/0    11:28   0:00   0:53 
Niclas Bergfors          0  0  0   0  0   4  1  0  1  1  8/17   25:53   2:28   6:12 
Ole-Kristian Tollefsen   0  0  0   0  0   3  2  0  0  0  0/0    28:09   3:11   7:08 
Randy Jones              0  0  0  -1  0   0  0  0  0  1  0/0    10:30   0:00   0:00 
Ryan Hollweg             0  0  0   0  2   2  4  0  0  0  2/2    15:46   2:27   0:00 
Steve Downie             0  0  0   0  0   2  1  0  0  0  3/3    20:18   1:39   3:36 
Tyler Sloan              0  0  0   0  0   0  0  1  0  0  0/0     1:58   0:00   0:25 

3 Stars

1 - Patrick Sharp (Mon)
2 - Jonathan Bernier (Mon)
3 - Ladislav Smid (Mon)

Power Play

Canadiens - 2 on 8 Attempt(s) - 25,00%
Sabres - 0 on 3 Attempt(s) - 0,00%

Penalty Kill

Canadiens - 3 on 3 Attempt(s) - 100,00% - Score 0 goal in Penalty Kill
Sabres - 6 on 8 Attempt(s) - 75,00% - Score 1 goal in Penalty Kill

Team Stat

Canadiens - Hits : 21 - Faceoff Wins : 37 - Blocked Shots : 10 - Penalty Minutes : 6
Sabres - Hits : 22 - Faceoff Wins : 28 - Blocked Shots : 8 - Penalty Minutes : 16

Official

Referees : Walsh Ian and StPierre Justin
Linesman : Dan Schachte and Mark Pare

Game Notes

No Game Note

Finance

Level 1 -- Attendance: 5811 (96,85%) -- Ticket Income 499 746 $
Level 2 -- Attendance: 4225 (84,50%) -- Ticket Income 223 925 $
Level 3 -- Attendance: 1601 (80,05%) -- Ticket Income 52 833 $
Level 4 -- Attendance: 2972 (74,30%) -- Ticket Income 68 356 $
Luxury Box -- Attendance: 855 (85,50%) -- Ticket Income 145 350 $
Game was played at the Duff Garden.
Total Attendance: 15464 (85,91%)
Total Ticket Income: 990 210 $
Other Income: 148 532 $
Total Income: 1 138 742 $

Canadiens

5 vs 5 Forward 
   Center                   Left Wing                Right Wing               Time % Phy DF OF 
 1 Marc Savard              Drew Miller              Rene Bourque             40     1   2  2  
 2 Brooks Laich             Patrick Sharp            Marek Svatos             30     1   2  2  
 3 Maxim Talbot             Greg Stewart             Devin Setoguchi          20     1   2  2  
 4 Dustin Boyd              Riley Cote               Marc Savard              10     1   2  2  

5 vs 5 Defense 
   Defense                  Defense                                           Time % Phy DF OF 
 1 Dan Boyle                Denis Grebeshkov                                  40     1   2  2  
 2 Dennis Wideman           Ladislav Smid                                     30     1   2  2  
 3 Jiri Fischer             Matt Carle                                        20     1   2  2  
 4 Brian Pothier            Dan Boyle                                         10     1   2  2  

PowerPlay Forward 
   Center                   Left Wing                Right Wing               Time % Phy DF OF 
 1 Marc Savard              Drew Miller              Rene Bourque             60     1   2  2  
 2 Brooks Laich             Patrick Sharp            Marek Svatos             40     1   2  2  

PowerPlay Defense
   Defense                  Defense                                           Time % Phy DF OF 
 1 Dan Boyle                Denis Grebeshkov                                  60     1   2  2  
 2 Dennis Wideman           Ladislav Smid                                     40     1   2  2  

Penalty Kill 4 Players Forward 
   Center                   Wing                     Time % Phy DF OF 
 1 Marc Savard              Drew Miller              60     1   2  2  
 2 Patrick Sharp            Rene Bourque             40     1   2  2  

Penalty Kill 4 Players Defense
   Defense                  Defense                  Time % Phy DF OF 
 1 Dan Boyle                Denis Grebeshkov         60     1   2  2  
 2 Dennis Wideman           Ladislav Smid            40     1   2  2  

Penalty Kill - 3 Players Forward 
   Forward                                           Time % Phy DF OF 
 1 Marc Savard                                       60     1   2  2  
 2 Drew Miller                                       40     1   2  2  

Penalty Kill - 3 Players Defense
   Defense                  Defense                  Time % Phy DF OF 
 1 Dan Boyle                Denis Grebeshkov         60     1   2  2  
 2 Dennis Wideman           Ladislav Smid            40     1   2  2  

4 vs 4 Forward 
   Center                   Wing                     Time % Phy DF OF 
 1 Marc Savard              Drew Miller              60     1   2  2  
 2 Patrick Sharp            Rene Bourque             40     1   2  2  

4 vs 4 Defense
   Defense                  Defense                  Time % Phy DF OF 
 1 Dan Boyle                Denis Grebeshkov         60     1   2  2  
 2 Dennis Wideman           Ladislav Smid            40     1   2  2  

Last Minutes Offensive
   Center                   Left Wing                Right Wing               Defense                  Defense                  
   Marc Savard              Drew Miller              Rene Bourque             Dan Boyle                Denis Grebeshkov         

Last Minutes Defensive
   Center                   Left Wing                Right Wing               Defense                  Defense                  
   Marc Savard              Drew Miller              Rene Bourque             Dan Boyle                Denis Grebeshkov         

Goaltenders
Starting : Jonathan Bernier         
Backup : Miika Kiprusoff          

Extra Forwards
Normal : Greg Stewart, Maxim Talbot, Devin Setoguchi - PP : Greg Stewart, Maxim Talbot - PK : Devin Setoguchi
Extra Defensemen
Normal : Jiri Fischer, Matt Carle, Brian Pothier - PP : Jiri Fischer - PK : Matt Carle, Brian Pothier
Penalty Shots
Marc Savard, Drew Miller, Patrick Sharp, Rene Bourque, Marek Svatos

Sabres

5 vs 5 Forward 
   Center                   Left Wing                Right Wing               Time % Phy DF OF 
 1 Derick Brassard          Ryan Hollweg             Niclas Bergfors          40     1   2  2  
 2 Mike Fisher              Antoine Roussel          Steve Downie             30     1   2  2  
 3 Boyd Devereaux           Michael Rupp             George Parros            20     1   2  2  
 4 Niclas Bergfors          Mike Leclerc             Daniel Cleary            10     1   2  2  

5 vs 5 Defense 
   Defense                  Defense                                           Time % Phy DF OF 
 1 Joni Pitkanen            Ole-Kristian Tollefsen                            40     1   2  2  
 2 Johnny Boychuk           Jay McKee                                         30     1   2  2  
 3 Randy Jones              Nathan Paetsch                                    20     1   2  2  
 4 Tyler Sloan              Joni Pitkanen                                     10     1   2  2  

PowerPlay Forward 
   Center                   Left Wing                Right Wing               Time % Phy DF OF 
 1 Derick Brassard          Ryan Hollweg             Niclas Bergfors          60     1   2  2  
 2 Mike Fisher              Antoine Roussel          Steve Downie             40     1   2  2  

PowerPlay Defense
   Defense                  Defense                                           Time % Phy DF OF 
 1 Joni Pitkanen            Ole-Kristian Tollefsen                            60     1   2  2  
 2 Johnny Boychuk           Jay McKee                                         40     1   2  2  

Penalty Kill 4 Players Forward 
   Center                   Wing                     Time % Phy DF OF 
 1 Niclas Bergfors          Derick Brassard          60     1   2  2  
 2 Steve Downie             George Parros            40     1   2  2  

Penalty Kill 4 Players Defense
   Defense                  Defense                  Time % Phy DF OF 
 1 Joni Pitkanen            Ole-Kristian Tollefsen   60     1   2  2  
 2 Johnny Boychuk           Jay McKee                40     1   2  2  

Penalty Kill - 3 Players Forward 
   Forward                                           Time % Phy DF OF 
 1 Niclas Bergfors                                   60     1   2  2  
 2 Derick Brassard                                   40     1   2  2  

Penalty Kill - 3 Players Defense
   Defense                  Defense                  Time % Phy DF OF 
 1 Joni Pitkanen            Ole-Kristian Tollefsen   60     1   2  2  
 2 Johnny Boychuk           Jay McKee                40     1   2  2  

4 vs 4 Forward 
   Center                   Wing                     Time % Phy DF OF 
 1 Niclas Bergfors          Derick Brassard          60     1   2  2  
 2 Steve Downie             George Parros            40     1   2  2  

4 vs 4 Defense
   Defense                  Defense                  Time % Phy DF OF 
 1 Joni Pitkanen            Ole-Kristian Tollefsen   60     1   2  2  
 2 Johnny Boychuk           Jay McKee                40     1   2  2  

Last Minutes Offensive
   Center                   Left Wing                Right Wing               Defense                  Defense                  
   Derick Brassard          Ryan Hollweg             Niclas Bergfors          Joni Pitkanen            Ole-Kristian Tollefsen   

Last Minutes Defensive
   Center                   Left Wing                Right Wing               Defense                  Defense                  
   Derick Brassard          Ryan Hollweg             Niclas Bergfors          Joni Pitkanen            Ole-Kristian Tollefsen   

Goaltenders
Starting : Michal Neuvirth          
Backup : Jonas Hiller             

Extra Forwards
Normal : Michael Rupp, Daniel Cleary, Mike Leclerc - PP : Michael Rupp, Daniel Cleary - PK : Mike Leclerc
Extra Defensemen
Normal : Randy Jones, Nathan Paetsch, Tyler Sloan - PP : Randy Jones - PK : Nathan Paetsch, Tyler Sloan
Penalty Shots
Niclas Bergfors, Derick Brassard, Steve Downie, George Parros, Ryan Hollweg

% Time on Ice - Canadiens

Lines # - Real PCT - Wanted PCT - Time Play
Normal Forward
1 - 34% - 40% - 14:47
2 - 31% - 30% - 13:16
3 - 24% - 20% - 10:23
4 - 11% - 10% - 4:31
Normal Defense
1 - 39% - 40% - 16:55
2 - 34% - 30% - 14:41
3 - 21% - 20% - 9:06
4 - 5% - 10% - 2:15
PP Forward
1 - 53% - 60% - 5:54
2 - 47% - 40% - 5:12
PP Defense
1 - 53% - 60% - 5:54
2 - 47% - 40% - 5:12
PK Forward
1 - 83% - 60% - 3:52
2 - 17% - 40% - 0:49
PK Defense
1 - 60% - 60% - 2:49
2 - 40% - 40% - 1:52
PK3 Forward
1 - 0% - 60%
2 - 0% - 40%
PK3 Defense
1 - 0% - 60%
2 - 0% - 40%
44 Forward
1 - 76% - 60% - 0:58
2 - 24% - 40% - 0:18
44 Defense
1 - 43% - 60% - 0:33
2 - 57% - 40% - 0:43
Last Minute Offensive  - 0:00
Last Minute Defensive  - 0:00
Total
Forward - 60:00
Defense - 60:00

% Time on Ice - Sabres

Lines # - Real PCT - Wanted PCT - Time Play
Normal Forward
1 - 31% - 40% - 13:24
2 - 34% - 30% - 14:46
3 - 25% - 20% - 10:41
4 - 10% - 10% - 4:06
Normal Defense
1 - 40% - 40% - 17:10
2 - 32% - 30% - 13:44
3 - 24% - 20% - 10:30
4 - 4% - 10% - 1:33
PP Forward
1 - 65% - 60% - 3:02
2 - 35% - 40% - 1:39
PP Defense
1 - 68% - 60% - 3:11
2 - 32% - 40% - 1:30
PK Forward
1 - 68% - 60% - 7:30
2 - 32% - 40% - 3:36
PK Defense
1 - 66% - 60% - 7:22
2 - 34% - 40% - 3:44
PK3 Forward
1 - 0% - 60%
2 - 0% - 40%
PK3 Defense
1 - 0% - 60%
2 - 0% - 40%
44 Forward
1 - 78% - 60% - 0:59
2 - 22% - 40% - 0:17
44 Defense
1 - 66% - 60% - 0:50
2 - 34% - 40% - 0:26
Last Minute Offensive  - 0:00
Last Minute Defensive  - 0:00
Total
Forward - 60:00
Defense - 60:00

Play by Play

1st period


0:01 of 1st period - Marc Savard wins face-off versus Derick Brassard in neutral zone.
1:04 of 1st period - Minor Penalty to Michael Rupp for High sticking.
1:05 of 1st period - Niclas Bergfors wins face-off versus Marc Savard in Sabres zone.
1:18 of 1st period - Wrist shot by Rene Bourque.
1:18 of 1st period - Shot Misses the Net.
1:20 of 1st period - Wrist shot by Rene Bourque.
1:20 of 1st period - Shot Blocked by Joni Pitkanen.
1:22 of 1st period - Wrist shot by Ladislav Smid.
1:22 of 1st period - Goal by Ladislav Smid - Canadiens : 1 - Sabres : 0.
1:23 of 1st period - Derick Brassard wins face-off versus Drew Miller in neutral zone.
1:38 of 1st period - Icing by Drew Miller.
1:39 of 1st period - Mike Fisher wins face-off versus Marc Savard in Canadiens zone.
1:40 of 1st period - Wrist shot by Antoine Roussel.
1:40 of 1st period - Stopped by Jonathan Bernier with a rebound.
1:58 of 1st period - Wrist shot by Rene Bourque.
1:58 of 1st period - Stopped by Michal Neuvirth with a rebound.
2:00 of 1st period - Snap shot by Marc Savard.
2:00 of 1st period - Deflect By Rene Bourque.
2:00 of 1st period - Stopped by Michal Neuvirth with a rebound.
2:18 of 1st period - Slapshot by Drew Miller.
2:18 of 1st period - Stopped by Michal Neuvirth without a rebound.
2:19 of 1st period - Brooks Laich wins face-off versus Derick Brassard in Sabres zone.
2:28 of 1st period - Snap shot by Brooks Laich.
2:28 of 1st period - Stopped by Michal Neuvirth with a rebound.
2:30 of 1st period - Minor Penalty to Ryan Hollweg for Roughing.
2:31 of 1st period - Niclas Bergfors wins face-off versus Marc Savard in Sabres zone.
2:58 of 1st period - Marek Svatos is hit by Joni Pitkanen and loses puck.
3:18 of 1st period - Snap shot by George Parros.
3:18 of 1st period - Goal by George Parros - Canadiens : 1 - Sabres : 1.
3:19 of 1st period - Marc Savard wins face-off versus Niclas Bergfors in neutral zone.
4:26 of 1st period - Icing by Rene Bourque.
4:27 of 1st period - Steve Downie wins face-off versus Marc Savard in Canadiens zone.
4:30 of 1st period - Penalty to Ryan Hollweg is over, Ryan Hollweg is back on ice.
4:30 of 1st period - Snap shot by Derick Brassard.
4:30 of 1st period - Deflect By Drew Miller.
4:30 of 1st period - Shot Misses the Net.
4:30 of 1st period - Puck is out of play.
4:31 of 1st period - Brooks Laich wins face-off versus Boyd Devereaux in Canadiens zone.
4:31 of 1st period - Brooks Laich is hit by Michael Rupp.
4:41 of 1st period - Slapshot by Dan Boyle.
4:41 of 1st period - Stopped by Michal Neuvirth without a rebound.
4:42 of 1st period - Derick Brassard wins face-off versus Brooks Laich in Sabres zone.
5:48 of 1st period - Slapshot by Derick Brassard.
5:48 of 1st period - Shot Misses the Net.
5:58 of 1st period - Dan Boyle is hit by Ryan Hollweg and loses puck.
6:15 of 1st period - Joni Pitkanen is hit by Patrick Sharp and loses puck.
6:22 of 1st period - Wrist shot by Patrick Sharp.
6:22 of 1st period - Shot Blocked by Joni Pitkanen.
6:24 of 1st period - Snap shot by Brooks Laich.
6:24 of 1st period - Shot Misses the Net.
6:29 of 1st period - Minor Penalty to Joni Pitkanen for Holding.
6:30 of 1st period - Drew Miller wins face-off versus Niclas Bergfors in Sabres zone.
6:30 of 1st period - Wrist shot by Marc Savard.
6:30 of 1st period - Stopped by Michal Neuvirth without a rebound.
6:31 of 1st period - Marc Savard wins face-off versus Niclas Bergfors in Sabres zone.
6:32 of 1st period - Snap shot by Drew Miller.
6:32 of 1st period - Shot Misses the Net.
6:48 of 1st period - Wrist shot by Marc Savard.
6:48 of 1st period - Stopped by Michal Neuvirth with a rebound.
7:16 of 1st period - Ole-Kristian Tollefsen is hit by Drew Miller and loses puck.
8:29 of 1st period - Penalty to Joni Pitkanen is over, Joni Pitkanen is back on ice.
8:38 of 1st period - Jay McKee is hit by Dan Boyle.
8:47 of 1st period - Icing by Denis Grebeshkov.
8:48 of 1st period - Boyd Devereaux wins face-off versus Maxim Talbot in Canadiens zone.
8:53 of 1st period - Slapshot by Michael Rupp.
8:53 of 1st period - Shot Blocked by Denis Grebeshkov.
8:55 of 1st period - Slapshot by Nathan Paetsch.
8:55 of 1st period - Shot Blocked by Maxim Talbot.
8:57 of 1st period - Slapshot by George Parros.
8:57 of 1st period - Shot Blocked by Maxim Talbot.
8:59 of 1st period - Snap shot by Michael Rupp.
8:59 of 1st period - Shot Misses the Net.
10:24 of 1st period - Icing by Dennis Wideman.
10:25 of 1st period - Brooks Laich wins face-off versus Derick Brassard in Canadiens zone.
10:30 of 1st period - Slapshot by Niclas Bergfors.
10:30 of 1st period - Shot Misses the Net.
10:32 of 1st period - Slapshot by Ole-Kristian Tollefsen.
10:32 of 1st period - Stopped by Jonathan Bernier with a rebound.
10:34 of 1st period - Snap shot by Derick Brassard.
10:34 of 1st period - Shot Misses the Net.
11:14 of 1st period - Slapshot by Marc Savard.
11:14 of 1st period - Shot Blocked by Joni Pitkanen.
11:16 of 1st period - Wrist shot by Drew Miller.
11:16 of 1st period - Stopped by Michal Neuvirth with a rebound.
11:23 of 1st period - Icing by Joni Pitkanen.
11:24 of 1st period - Patrick Sharp wins face-off versus Derick Brassard in Sabres zone.
11:34 of 1st period - Icing by Ole-Kristian Tollefsen.
11:35 of 1st period - Marc Savard wins face-off versus Derick Brassard in Sabres zone.
11:46 of 1st period - Wrist shot by Rene Bourque.
11:46 of 1st period - Stopped by Michal Neuvirth with a rebound.
12:17 of 1st period - Slapshot by Joni Pitkanen.
12:17 of 1st period - Stopped by Jonathan Bernier without a rebound.
12:18 of 1st period - Marek Svatos wins face-off versus Mike Fisher in Canadiens zone.
12:31 of 1st period - Slapshot by Patrick Sharp.
12:31 of 1st period - Stopped by Michal Neuvirth with a rebound.
12:58 of 1st period - Mike Fisher is hit by Maxim Talbot and loses puck.
13:15 of 1st period - Snap shot by Dustin Boyd.
13:15 of 1st period - Stopped by Michal Neuvirth with a rebound.
13:25 of 1st period - Matt Carle is hit by Steve Downie and loses puck.
13:37 of 1st period - Minor Penalty to Marc Savard for Interference.
13:38 of 1st period - Ryan Hollweg wins face-off versus Devin Setoguchi in Canadiens zone.
13:52 of 1st period - Wrist shot by Derick Brassard.
13:52 of 1st period - Shot Misses the Net.
13:54 of 1st period - Snap shot by Derick Brassard.
13:54 of 1st period - Shot Hit the Post.
15:37 of 1st period - Penalty to Marc Savard is over, Marc Savard is back on ice.
15:54 of 1st period - Snap shot by Devin Setoguchi.
15:54 of 1st period - Shot Misses the Net.
15:56 of 1st period - Slapshot by Ladislav Smid.
15:56 of 1st period - Stopped by Michal Neuvirth without a rebound.
15:57 of 1st period - Dustin Boyd wins face-off versus Boyd Devereaux in Sabres zone.
16:02 of 1st period - Wrist shot by Marc Savard.
16:02 of 1st period - Shot Misses the Net.
16:04 of 1st period - Slapshot by Dan Boyle.
16:04 of 1st period - Shot Misses the Net.
16:22 of 1st period - Wrist shot by Michael Rupp.
16:22 of 1st period - Stopped by Jonathan Bernier without a rebound.
16:23 of 1st period - Boyd Devereaux wins face-off versus Brooks Laich in Canadiens zone.
17:08 of 1st period - Snap shot by Steve Downie.
17:08 of 1st period - Shot Blocked by Denis Grebeshkov.
17:30 of 1st period - Slapshot by Joni Pitkanen.
17:30 of 1st period - Deflect By Marek Svatos.
17:30 of 1st period - Stopped by Jonathan Bernier with a rebound.
17:39 of 1st period - Minor Penalty to Mike Leclerc for Tripping.
17:40 of 1st period - Marc Savard wins face-off versus Niclas Bergfors in Sabres zone.
17:45 of 1st period - Slapshot by Marc Savard.
17:45 of 1st period - Stopped by Michal Neuvirth without a rebound.
17:46 of 1st period - Marc Savard wins face-off versus Niclas Bergfors in Sabres zone.
17:49 of 1st period - Wrist shot by Drew Miller.
17:49 of 1st period - Goal by Drew Miller - Canadiens : 2 - Sabres : 1.
17:50 of 1st period - Derick Brassard wins face-off versus Marc Savard in neutral zone.
17:55 of 1st period - Rene Bourque is hit by Ryan Hollweg and loses puck.
18:02 of 1st period - Slapshot by Niclas Bergfors.
18:02 of 1st period - Deflect By Ryan Hollweg.
18:02 of 1st period - Stopped by Jonathan Bernier without a rebound.
18:03 of 1st period - Derick Brassard wins face-off versus Marc Savard in Canadiens zone.
18:19 of 1st period - Icing by Marc Savard.
18:20 of 1st period - Marc Savard wins face-off versus Mike Fisher in Canadiens zone.
18:47 of 1st period - Wrist shot by George Parros.
18:47 of 1st period - Stopped by Jonathan Bernier with a rebound.
18:51 of 1st period - Slapshot by Michael Rupp.
18:51 of 1st period - Stopped by Jonathan Bernier without a rebound.
18:52 of 1st period - Boyd Devereaux wins face-off versus Brooks Laich in Canadiens zone.
19:35 of 1st period - Wrist shot by Johnny Boychuk.
19:35 of 1st period - Stopped by Jonathan Bernier with a rebound.
19:57 of 1st period - Slapshot by Steve Downie.
19:57 of 1st period - Shot Misses the Net.
19:59 of 1st period - Slapshot by Jay McKee.
19:59 of 1st period - Shot Blocked by Dennis Wideman.
Goals for this period are 2 for Canadiens vs 1 for Sabres.
Shots for this period are 15 for Canadiens vs 10 for Sabres.

2nd period


0:01 of 2nd period - Marc Savard wins face-off versus Derick Brassard in neutral zone.
0:04 of 2nd period - Ryan Hollweg is hit by Dan Boyle and loses puck.
0:21 of 2nd period - Drew Miller is hit by Ryan Hollweg and loses puck.
0:54 of 2nd period - Wrist shot by Greg Stewart.
0:54 of 2nd period - Shot Misses the Net.
0:56 of 2nd period - Snap shot by Greg Stewart.
0:56 of 2nd period - Shot Misses the Net.
0:58 of 2nd period - Slapshot by Dan Boyle.
0:58 of 2nd period - Deflect By Greg Stewart.
0:58 of 2nd period - Stopped by Michal Neuvirth with a rebound.
1:00 of 2nd period - Slapshot by Dan Boyle.
1:00 of 2nd period - Stopped by Michal Neuvirth without a rebound.
1:01 of 2nd period - Derick Brassard wins face-off versus Marc Savard in Sabres zone.
1:10 of 2nd period - Backhand shot by Niclas Bergfors.
1:10 of 2nd period - Stopped by Jonathan Bernier with a rebound.
1:26 of 2nd period - Nathan Paetsch is hit by Marek Svatos and loses puck.
1:33 of 2nd period - Wrist shot by Patrick Sharp.
1:33 of 2nd period - Stopped by Michal Neuvirth without a rebound.
1:34 of 2nd period - Derick Brassard wins face-off versus Marc Savard in Sabres zone.
1:34 of 2nd period - Derick Brassard is hit by Marc Savard.
2:00 of 2nd period - Slapshot by Marek Svatos.
2:00 of 2nd period - Shot Misses the Net.
2:22 of 2nd period - Devin Setoguchi is hit by Boyd Devereaux and loses puck.
2:43 of 2nd period - Wrist shot by Rene Bourque.
2:43 of 2nd period - Stopped by Michal Neuvirth without a rebound.
2:44 of 2nd period - Marc Savard wins face-off versus Derick Brassard in Sabres zone.
2:53 of 2nd period - Snap shot by Marc Savard.
2:53 of 2nd period - Shot Misses the Net.
3:09 of 2nd period - Dennis Wideman is hit by Antoine Roussel and loses puck.
3:16 of 2nd period - Slapshot by Dan Boyle.
3:16 of 2nd period - Shot Blocked by Antoine Roussel.
3:18 of 2nd period - Snap shot by Rene Bourque.
3:18 of 2nd period - Stopped by Michal Neuvirth without a rebound.
3:19 of 2nd period - Marek Svatos wins face-off versus Derick Brassard in Sabres zone.
4:22 of 2nd period - Snap shot by Michael Rupp.
4:22 of 2nd period - Stopped by Jonathan Bernier with a rebound.
4:46 of 2nd period - Minor Penalty to Mike Leclerc for Holding.
4:47 of 2nd period - Niclas Bergfors wins face-off versus Marc Savard in Sabres zone.
5:34 of 2nd period - Wrist shot by Steve Downie.
5:34 of 2nd period - Stopped by Jonathan Bernier with a rebound.
5:36 of 2nd period - Slapshot by Jay McKee.
5:36 of 2nd period - Stopped by Jonathan Bernier with a rebound.
6:06 of 2nd period - Ladislav Smid is hit by Ole-Kristian Tollefsen and loses puck.
6:46 of 2nd period - Penalty to Mike Leclerc is over, Mike Leclerc is back on ice.
6:50 of 2nd period - Slapshot by Joni Pitkanen.
6:50 of 2nd period - Stopped by Jonathan Bernier without a rebound.
6:51 of 2nd period - Steve Downie wins face-off versus Maxim Talbot in Canadiens zone.
7:08 of 2nd period - Maxim Talbot is hit by Antoine Roussel and loses puck.
7:19 of 2nd period - Randy Jones is hit by Marc Savard and loses puck.
7:46 of 2nd period - Wrist shot by Maxim Talbot.
7:46 of 2nd period - Stopped by Michal Neuvirth with a rebound.
8:00 of 2nd period - Snap shot by Daniel Cleary.
8:00 of 2nd period - Deflect By Brooks Laich.
8:00 of 2nd period - Shot Blocked by Denis Grebeshkov.
8:00 of 2nd period - Puck is out of play.
8:01 of 2nd period - Niclas Bergfors wins face-off versus Marc Savard in Canadiens zone.
8:04 of 2nd period - Wrist shot by Niclas Bergfors.
8:04 of 2nd period - Stopped by Jonathan Bernier with a rebound.
8:22 of 2nd period - Marc Savard is hit by Mike Fisher and loses puck.
8:28 of 2nd period - Minor Penalty to Dennis Wideman for Interference.
8:29 of 2nd period - Marc Savard wins face-off versus Derick Brassard in Canadiens zone.
8:37 of 2nd period - Wrist shot by Joni Pitkanen.
8:37 of 2nd period - Stopped by Jonathan Bernier without a rebound.
8:38 of 2nd period - Marc Savard wins face-off versus Derick Brassard in Canadiens zone.
9:11 of 2nd period - Minor Penalty to Antoine Roussel for Holding.
9:12 of 2nd period - Marc Savard wins face-off versus Niclas Bergfors in Sabres zone.
9:19 of 2nd period - Denis Grebeshkov is hit by Derick Brassard.
9:58 of 2nd period - George Parros is hit by Rene Bourque and loses puck.
10:09 of 2nd period - Wrist shot by Patrick Sharp.
10:09 of 2nd period - Stopped by Michal Neuvirth without a rebound.
10:10 of 2nd period - Marc Savard wins face-off versus Niclas Bergfors in Sabres zone.
10:22 of 2nd period - Icing by Drew Miller.
10:23 of 2nd period - Marc Savard wins face-off versus Niclas Bergfors in Canadiens zone.
10:28 of 2nd period - Penalty to Dennis Wideman is over, Dennis Wideman is back on ice.
10:36 of 2nd period - Wrist shot by Steve Downie.
10:36 of 2nd period - Stopped by Jonathan Bernier without a rebound.
10:37 of 2nd period - Steve Downie wins face-off versus Brooks Laich in Canadiens zone.
11:04 of 2nd period - Joni Pitkanen is hit by Marek Svatos and loses puck.
11:11 of 2nd period - Penalty to Antoine Roussel is over, Antoine Roussel is back on ice.
11:21 of 2nd period - Backhand shot by Marek Svatos.
11:21 of 2nd period - Goal by Marek Svatos - Canadiens : 3 - Sabres : 1.
11:22 of 2nd period - Ryan Hollweg wins face-off versus Marc Savard in neutral zone.
11:49 of 2nd period - Greg Stewart is hit by Johnny Boychuk and loses puck.
14:06 of 2nd period - Derick Brassard is hit by Rene Bourque and loses puck.
14:21 of 2nd period - Snap shot by Niclas Bergfors.
14:21 of 2nd period - Stopped by Jonathan Bernier with a rebound.
14:23 of 2nd period - Snap shot by Daniel Cleary.
14:23 of 2nd period - Stopped by Jonathan Bernier with a rebound.
14:25 of 2nd period - Slapshot by Johnny Boychuk.
14:25 of 2nd period - Shot Blocked by Dan Boyle.
14:27 of 2nd period - Slapshot by Johnny Boychuk.
14:27 of 2nd period - Shot Blocked by Brian Pothier.
14:34 of 2nd period - Icing by Dustin Boyd.
14:35 of 2nd period - Dustin Boyd wins face-off versus Mike Fisher in Canadiens zone.
14:51 of 2nd period - Off-side.
14:52 of 2nd period - Maxim Talbot wins face-off versus Derick Brassard in neutral zone.
15:17 of 2nd period - Antoine Roussel is hit by Marc Savard and loses puck.
15:42 of 2nd period - Slapshot by Patrick Sharp.
15:42 of 2nd period - Goal by Patrick Sharp - Canadiens : 4 - Sabres : 1.
15:43 of 2nd period - Marc Savard wins face-off versus Derick Brassard in neutral zone.
16:30 of 2nd period - Icing by Dan Boyle.
16:31 of 2nd period - Devin Setoguchi wins face-off versus Boyd Devereaux in Canadiens zone.
16:44 of 2nd period - Slapshot by Greg Stewart.
16:44 of 2nd period - Deflect By Devin Setoguchi.
16:44 of 2nd period - Shot Blocked by Johnny Boychuk.
16:44 of 2nd period - Puck is out of play.
16:45 of 2nd period - Derick Brassard wins face-off versus Marc Savard in Sabres zone.
16:58 of 2nd period - Wrist shot by Marc Savard.
16:58 of 2nd period - Stopped by Michal Neuvirth with a rebound.
18:17 of 2nd period - Nathan Paetsch is hit by Dustin Boyd.
18:33 of 2nd period - Denis Grebeshkov is hit by Derick Brassard and loses puck.
19:10 of 2nd period - Nathan Paetsch is hit by Patrick Sharp and loses puck.
Goals for this period are 2 for Canadiens vs 0 for Sabres.
Shots for this period are 10 for Canadiens vs 10 for Sabres.

3rd period


0:01 of 3rd period - Derick Brassard wins face-off versus Marc Savard in neutral zone.
0:04 of 3rd period - Slapshot by Ole-Kristian Tollefsen.
0:04 of 3rd period - Stopped by Jonathan Bernier without a rebound.
0:05 of 3rd period - Derick Brassard wins face-off versus Rene Bourque in Canadiens zone.
0:12 of 3rd period - Wrist shot by Derick Brassard.
0:12 of 3rd period - Stopped by Jonathan Bernier with a rebound.
0:16 of 3rd period - Snap shot by Ryan Hollweg.
0:16 of 3rd period - Stopped by Jonathan Bernier with a rebound.
0:32 of 3rd period - Wrist shot by Dan Boyle.
0:32 of 3rd period - Stopped by Michal Neuvirth without a rebound.
0:33 of 3rd period - Brooks Laich wins face-off versus Mike Fisher in Sabres zone.
0:38 of 3rd period - Wrist shot by Marek Svatos.
0:38 of 3rd period - Shot Misses the Net.
0:48 of 3rd period - Wrist shot by Marek Svatos.
0:48 of 3rd period - Shot Blocked by Mike Fisher.
2:17 of 3rd period - Dennis Wideman is hit by Niclas Bergfors and loses puck.
2:32 of 3rd period - Wrist shot by Rene Bourque.
2:32 of 3rd period - Shot Blocked by Johnny Boychuk.
2:38 of 3rd period - Slapshot by Antoine Roussel.
2:38 of 3rd period - Shot Blocked by Ladislav Smid.
2:54 of 3rd period - Slapshot by Marek Svatos.
2:54 of 3rd period - Stopped by Michal Neuvirth without a rebound.
2:55 of 3rd period - Brooks Laich wins face-off versus Derick Brassard in Sabres zone.
3:10 of 3rd period - Snap shot by Patrick Sharp.
3:10 of 3rd period - Stopped by Michal Neuvirth with a rebound.
3:29 of 3rd period - Slapshot by Antoine Roussel.
3:29 of 3rd period - Stopped by Jonathan Bernier with a rebound.
3:43 of 3rd period - Joni Pitkanen is hit by Drew Miller and loses puck.
4:02 of 3rd period - Minor Penalty to George Parros for Hooking.
4:03 of 3rd period - Niclas Bergfors wins face-off versus Marc Savard in Sabres zone.
4:13 of 3rd period - Off-side.
4:14 of 3rd period - Niclas Bergfors wins face-off versus Marc Savard in neutral zone.
4:14 of 3rd period - Niclas Bergfors is hit by Drew Miller.
4:28 of 3rd period - Wrist shot by Niclas Bergfors.
4:28 of 3rd period - Stopped by Jonathan Bernier with a rebound.
5:38 of 3rd period - Wrist shot by Boyd Devereaux.
5:38 of 3rd period - Shot Misses the Net.
6:02 of 3rd period - Penalty to George Parros is over, George Parros is back on ice.
6:14 of 3rd period - Snap shot by Ole-Kristian Tollefsen.
6:14 of 3rd period - Shot Misses the Net.
6:16 of 3rd period - Wrist shot by Mike Fisher.
6:16 of 3rd period - Stopped by Jonathan Bernier without a rebound.
6:17 of 3rd period - Maxim Talbot wins face-off versus Mike Fisher in Canadiens zone.
6:30 of 3rd period - Snap shot by Greg Stewart.
6:30 of 3rd period - Shot Misses the Net.
6:32 of 3rd period - Wrist shot by Devin Setoguchi.
6:32 of 3rd period - Stopped by Michal Neuvirth without a rebound.
6:33 of 3rd period - Niclas Bergfors wins face-off versus Marc Savard in Sabres zone.
6:46 of 3rd period - Wrist shot by Drew Miller.
6:46 of 3rd period - Shot Misses the Net.
6:48 of 3rd period - Wrist shot by Marc Savard.
6:48 of 3rd period - Stopped by Michal Neuvirth with a rebound.
7:24 of 3rd period - Slapshot by George Parros.
7:24 of 3rd period - Shot Misses the Net.
7:28 of 3rd period - Snap shot by George Parros.
7:28 of 3rd period - Shot Misses the Net.
7:30 of 3rd period - Snap shot by Boyd Devereaux.
7:30 of 3rd period - Stopped by Jonathan Bernier without a rebound.
7:31 of 3rd period - Marc Savard wins face-off versus Mike Fisher in Canadiens zone.
7:31 of 3rd period - Marc Savard is hit by Ole-Kristian Tollefsen.
7:54 of 3rd period - Icing by Mike Fisher.
7:55 of 3rd period - Marek Svatos wins face-off versus Boyd Devereaux in Sabres zone.
8:06 of 3rd period - Snap shot by George Parros.
8:06 of 3rd period - Stopped by Jonathan Bernier without a rebound.
8:07 of 3rd period - Marc Savard wins face-off versus Niclas Bergfors in Canadiens zone.
8:19 of 3rd period - Icing by Dan Boyle.
8:20 of 3rd period - Marc Savard wins face-off versus Derick Brassard in Canadiens zone.
8:39 of 3rd period - Snap shot by Drew Miller.
8:39 of 3rd period - Stopped by Michal Neuvirth with a rebound.
8:56 of 3rd period - Off-side.
8:57 of 3rd period - George Parros wins face-off versus Brooks Laich in neutral zone.
9:53 of 3rd period - Wrist shot by Dustin Boyd.
9:53 of 3rd period - Stopped by Michal Neuvirth without a rebound.
9:54 of 3rd period - Marc Savard wins face-off versus Derick Brassard in Sabres zone.
10:19 of 3rd period - Steve Downie is hit by Brooks Laich and loses puck.
10:28 of 3rd period - Dan Boyle is hit by Antoine Roussel and loses puck.
10:38 of 3rd period - Off-side.
10:39 of 3rd period - Boyd Devereaux wins face-off versus Maxim Talbot in neutral zone.
10:46 of 3rd period - Slapshot by Michael Rupp.
10:46 of 3rd period - Shot Misses the Net.
10:48 of 3rd period - Slapshot by Joni Pitkanen.
10:48 of 3rd period - Stopped by Jonathan Bernier with a rebound.
10:50 of 3rd period - Snap shot by Joni Pitkanen.
10:50 of 3rd period - Stopped by Jonathan Bernier without a rebound.
10:51 of 3rd period - Marc Savard wins face-off versus Derick Brassard in Canadiens zone.
11:25 of 3rd period - Mike Fisher is hit by Marek Svatos and loses puck.
12:32 of 3rd period - Joni Pitkanen is hit by Drew Miller and loses puck.
12:52 of 3rd period - Slapshot by Ole-Kristian Tollefsen.
12:52 of 3rd period - Stopped by Jonathan Bernier with a rebound.
12:54 of 3rd period - Wrist shot by George Parros.
12:54 of 3rd period - Stopped by Jonathan Bernier without a rebound.
12:55 of 3rd period - Maxim Talbot wins face-off versus Boyd Devereaux in Canadiens zone.
12:55 of 3rd period - Maxim Talbot is hit by Nathan Paetsch.
13:11 of 3rd period - Snap shot by Michael Rupp.
13:11 of 3rd period - Shot Blocked by Ladislav Smid.
13:36 of 3rd period - Minor Penalty to Nathan Paetsch for Goalie Interference.
13:37 of 3rd period - Niclas Bergfors wins face-off versus Marc Savard in Sabres zone.
15:36 of 3rd period - Penalty to Nathan Paetsch is over, Nathan Paetsch is back on ice.
15:48 of 3rd period - Minor Penalty to Greg Stewart for Tripping.
15:49 of 3rd period - Marc Savard wins face-off versus Mike Fisher in Canadiens zone.
15:49 of 3rd period - Marc Savard is hit by Joni Pitkanen.
15:58 of 3rd period - Dan Boyle is hit by Mike Fisher and loses puck.
16:34 of 3rd period - Jay McKee is hit by Patrick Sharp and loses puck.
16:59 of 3rd period - Drew Miller is hit by Ryan Hollweg and loses puck.
17:42 of 3rd period - Johnny Boychuk is hit by Ladislav Smid and loses puck.
17:48 of 3rd period - Penalty to Greg Stewart is over, Greg Stewart is back on ice.
18:19 of 3rd period - Patrick Sharp is hit by Mike Leclerc.
18:39 of 3rd period - Wrist shot by Greg Stewart.
18:39 of 3rd period - Shot Blocked by Tyler Sloan.
Goals for this period are 0 for Canadiens vs 0 for Sabres.
Shots for this period are 7 for Canadiens vs 12 for Sabres.